 Dungeon Crawl Stone Soup version 0.21.1-1-g345015f (webtiles) character file.

95 Fang the Sneak (level 4, 0/25 HPs)
             Began as a Gargoyle Enchanter on June 7, 2018.
             Was an Initiate of Trog.
             Slain by a kobold (3 damage)
             ... on level 3 of the Dungeon.
             The game lasted 00:03:33 (2396 turns).

Fang the Sneak (Gargoyle Enchanter)                 Turns: 2396, Time: 00:03:33

Health: 0/25       AC:  9    Str: 12    XL:     4   Next: 65%
Magic:  7/7        EV: 11    Int: 16    God:    Trog [......]
Gold:   139        SH:  0    Dex: 10    Spells: 6/7 levels left

rFire    . . .     SeeInvis .   a - +1 dagger
rCold    . . .     Gourm    .   (no shield)
rNeg     + . .     Faith    .   g - +1 ring mail {rPois}
rPois    ∞         Spirit   .   (no helmet)
rElec    +         Reflect  .   (no cloak)
rCorr    .         Harm     .   (no gloves)
MR       .....                  (no boots)
Stlth    ++........             (no amulet)
HPRegen  0.08/turn              (no ring)
MPRegen  0.10/turn              (no ring)

@: no status effects
A: negative energy resistance 1, electricity resistance, unbreathing,
petrification resistance, rot immunity, AC +3
a: Burn Spellbooks, Renounce Religion


You were on level 3 of the Dungeon.
You worshipped Trog.
Trog was noncommittal.
You were very hungry.

You visited 1 branch of the dungeon, and saw 3 of its levels.

You collected 139 gold pieces.

Inventory:

Hand Weapons
 a - a +1 dagger (weapon)
Armour
 b - a +0 robe
 g - a +1 ring mail of poison resistance (worn)
Scrolls
 c - a scroll of enchant armour {unknown}
 e - a scroll of teleportation {unknown}
 f - 2 scrolls of identify {unknown}
 i - a scroll of enchant weapon {unknown}
 l - a scroll of amnesia {unknown}
Potions
 h - 3 potions of curing {unknown}
 j - a potion of lignification {unknown}
 k - a potion of agility {unknown}
Comestibles
 d - 5 rations


   Skills:
 + Level 1.2 Fighting
 + Level 2.1 Short Blades
 + Level 1.1 Armour
 + Level 2.2 Dodging
 + Level 3.7 Stealth
 - Level 2.0 Spellcasting
 - Level 3.0 Hexes


You had 6 spell levels left.
You knew the following spells:

 Your Spells              Type           Power        Failure   Level  Hunger
a - Corona                Hex            ##.....      13%         1    #......


Dungeon Overview and Level Annotations

Branches:
Dungeon (3/15)

Altars:
Dithmenos
Trog


Innate Abilities, Weirdness & Mutations

You are resistant to torment.
Your stone body is resilient. (AC +3)
You are immune to poison.
You resist negative energy. (rN+)
You are resistant to electric shocks. (rElec)
You can survive without breathing.
You are immune to petrification.
You are immune to rotting.


Message History

The magic dart hits you! The kobold hits you but does no damage.
You hit something but do no damage.
You are feeling very hungry.
Something hits you but does no damage. The kobold hits you.
* * * LOW HITPOINT WARNING * * *
You barely miss something. Something hits you but does no damage.
The kobold hits you but does no damage.
You closely miss something. Something hits you but does no damage.
The kobold hits you but does no damage.
You miss something. Something hits you but does no damage.
The kobold completely misses you.
You barely miss something. You hit something. Something hits you.
* * * LOW HITPOINT WARNING * * *
The kobold closely misses you.
You miss something. Something hits you but does no damage.
The kobold hits you but does no damage.
You closely miss something. Something hits you but does no damage.
The kobold hits you.
You die...

#.##..# ## #.. #.##..#
... #.###.# #.# #.###.#
# #.# #.....###
##.####.# #.......#
........# #.#.###.# #
.....8.{#####.#.# #.####
.......@........###....+
.......K#####.#.....####
?.(.....# #.###..## #
...>....# #......#
........# #####.##
.....8.## #.# .......
#.# .###.## #.# #.# #


You could see a kobold.

Vanquished Creatures
  4 adders
  A worm (D:2)
  2 leopard geckos (D:1)
  3 orcs (D:3)
  4 giant cockroaches
  8 goblins
  6 hobgoblins
  3 jackals (D:2)
  A quokka (D:2)
  3 bats
  5 frilled lizards
  6 kobolds
  3 rats
49 creatures vanquished.

Notes
Turn   | Place    | Note
-------+----------+-------------------------------------------
     0 | D:1      | Fang the Gargoyle Enchanter began the quest for the Orb.
     0 | D:1      | Reached XP level 1. HP: 10/10 MP: 3/3
   216 | D:1      | Reached XP level 2. HP: 15/15 MP: 5/5
   418 | D:1      | Reached skill level 1 in Short Blades
   697 | D:1      | Reached XP level 3. HP: 15/19 MP: 6/6
  1345 | D:2      | Reached skill level 1 in Fighting
  1345 | D:2      | Reached XP level 4. HP: 18/25 MP: 7/7
  1604 | D:2      | Found a bloodstained altar of Trog.
  1616 | D:2      | Became a worshipper of Trog the Wrathful
  1918 | D:2      | Found a shadowy altar of Dithmenos.
  2315 | D:3      | Reached skill level 1 in Armour
  2396 | D:3      | Slain by a kobold

Skill      XL: |  1  2  3  4 |
---------------+-------------+-----
Hexes          | 3 |  3.0
Short Blades   | 1 2 |  2.1
Dodging        | 2 |  2.2
Fighting       | 1 |  1.2
Armour         | 1 |  1.1
Stealth        | |  3.7
Spellcasting   | |  2.0

Action                   |  1- 3 |  4- 6 || total
-------------------------+-------+-------++-------
Melee: Dagger            |   209 |    69 ||   278
Invok: Burn Spellbooks   |       |     1 ||     1
 Stab: Sleeping          |     2 |     2 ||     4
  Eat: Chunk             |     1 |     3 ||     4
Armor: Robe              |    30 |       ||    30
       Ring mail         |   108 |    40 ||   148
Dodge: Dodged            |   142 |    37 ||   179
